 Dungeon Crawl Stone Soup version 0.17.1-1-g73c8601 (webtiles) character file.

132 dermo the Ruffian (level 4, 0/44 HPs)
             Began as a Troll Monk on Dec 31, 2015.
             Was a Believer of Elyvilon.
             Slain by a gnoll
             ... wielding a +0 halberd
              (18 damage)
             ... on level 3 of the Dungeon.
             The game lasted 00:15:55 (2324 turns).

dermo the Ruffian (Troll Monk)                      Turns: 2324, Time: 00:15:55

Health: 0/44       AC:  5    Str: 19    XL:     4   Next: 92%
Magic:  2/3        EV: 12    Int:  6    God:    Elyvilon [**....]
Gold:   97         SH:  0    Dex: 18    Spells: 0 memorised, 3 levels left

rFire  . . .     SeeInvis .       - Unarmed
rCold  . . .     Clarity  .     a - +0 robe
rNeg   . . .     SustAt   .     (no shield)
rPois  +         Gourm    +     (helmet restricted)
rElec  .         Spirit   .     (no cloak)
rCorr  .         Warding  .     (gloves unavailable)
rMut   .         Stasis   .     (boots unavailable)
MR     .....                    (no amulet)
Stlth  ++........               g - +5 ring of dexterity
                                h - ring of poison resistance

@: not resistant to hostile enchantments, unstealthy
A: unfitting armour, claws 3, fast metabolism 3, gourmand, regeneration 2,
shaggy fur 1, tough skin 2
a: Lesser Healing, Heal Other, Divine Protection, Renounce Religion


You were on level 3 of the Dungeon.
You worshipped Elyvilon.
Elyvilon was pleased with you.
You were very full.

You visited 1 branch of the dungeon, and saw 3 of its levels.

You collected 97 gold pieces.

Inventory:

Hand Weapons
 l - a +0 great sword of pain
Armour
 a - a +0 robe (worn)
Jewellery
 f - an uncursed ring of loudness
 g - a +5 ring of dexterity (right claw)
 h - a ring of poison resistance (left claw)
Wands
 k - a wand of frost (27)
Scrolls
 c - a scroll of enchant weapon
 e - a scroll of remove curse
 i - 5 scrolls of identify
Potions
 j - a potion of curing
Comestibles
 b - 6 bread rations


   Skills:
 + Level 2.9 Fighting
 + Level 3.5 Dodging
 + Level 1.2 Stealth
 + Level 4.9 Unarmed Combat


You had 3 spell levels left.
You didn't know any spells.

Dungeon Overview and Level Annotations

Branches:
Dungeon (3/15)

Altars:
Elyvilon
Okawaru


Innate Abilities, Weirdness & Mutations

You are too large for most types of armour.
You have claws for hands.
Your metabolism is lightning-fast.
You like to eat raw meat.
You heal very quickly.
You are covered in fur (AC +1).
You have very tough skin (AC +2).


Message History

Press: ? - help, Shift-Dir - straight line, f/p - gnoll
Aim: a gnoll, wielding a halberd You throw a tomahawk.
The tomahawk hits the gnoll.
The gnoll is moderately wounded.
Quiver which item? (- for none, * to show all) (? for menu, Esc to quit)
Okay, then.
Firing (i - inventory): No suitable missiles.
Press: ? - help, Shift-Dir - straight line, f/p - gnoll
Aim: a gnoll, wielding a halberd (moderately wounded)
Okay, then.
Firing (i - inventory): No suitable missiles.
Press: ? - help, Shift-Dir - straight line, f/p - gnoll
Aim: a gnoll, wielding a halberd (moderately wounded)
Okay, then.
The gnoll barely misses you. The gnoll misses you.
You closely miss the gnoll.
The gnoll is moderately wounded.
The gnoll hits you with a halberd!!
You die...

#..# #. .# #.#
#..# #.# #.# #..#
#.# #.# #..# #.#
#.# ####..# #.#
#.# ......# # #.#
#.# #####.# #.#.#
#.# #.#
#.#.#####.### #
#.# #(...ggg@...#
#
#.#.###.#####.#.#
# #.#g.g..# #)#.#
#
#.###########.#.#
#
#.............#.#
#
#..#..........#.#
#
#..<........#.#.#
#
#..#.######.#.#.#
# #..#.# #.#.#.#


You could see 3 gnolls.

Vanquished Creatures
  3 gnolls (D:3)
  5 adders
  3 orcs (D:3)
  4 giant cockroaches
  10 goblins
  6 hobgoblins
  3 jackals (D:2)
  3 quokkas
  3 bats
  2 giant geckos
  3 giant newts
  7 kobolds
  4 rats
56 creatures vanquished.

Notes
Turn   | Place    | Note
--------------------------------------------------------------
     0 | D:1      | dermo the Troll Monk began the quest for the Orb.
     0 | D:1      | Reached XP level 1. HP: 22/22 MP: 0/0
   281 | D:1      | Reached XP level 2. HP: 29/29 MP: 1/1
   827 | D:2      | Reached XP level 3. HP: 14/36 MP: 2/2
  1279 | D:2      | Found an iron altar of Okawaru.
  1442 | D:3      | Reached XP level 4. HP: 39/44 MP: 3/3
  2117 | D:3      | Found a white marble altar of Elyvilon.
  2138 | D:3      | Became a worshipper of Elyvilon the Healer
  2138 | D:3      | Reached * piety under Elyvilon
  2138 | D:3      | Reached ** piety under Elyvilon
  2324 | D:3      | Slain by a gnoll

Action                   |  1- 3 |  4- 6 || total
-------------------------+-------+-------++-------
Melee: Unarmed           |   106 |    59 ||   165
Throw: Tomahawk          |       |     4 ||     4
Invok: Lesser Healing    |       |     1 ||     1
  Use: Scroll            |     7 |     3 ||    10
       Potion            |     4 |     1 ||     5
  Eat: Chunk             |    17 |    10 ||    27
